 Dungeon Crawl Stone Soup version 0.30.0-19-g36f170ea60 (webtiles) character file.

Game seed: 4525799343284957516

111 booth the Chopper (level 4, 0/38 HPs)
             Began as a Gnoll Reaver on May 29, 2023.
             Killed by divine providence
             ... invoked by an orc priest
              (15 damage)
             ... on level 2 of the Dungeon.
             The game lasted 00:10:25 (1798 turns).

booth the Chopper (Gnoll Reaver)                    Turns: 1798, Time: 00:10:26

Health: 0/38       AC:  3    Str: 14    XL:     4   Next: 92%
Magic:  8/11       EV: 12    Int: 12    God:
Gold:   74         SH:  0    Dex: 10    Spells: 7/13 levels left

rFire   . . .        a - +0 hand axe
rCold   . . .        (no shield)
rNeg    . . .        b - +0 leather armour
rPois   .            (no helmet)
rElec   .            (no cloak)
rCorr   .            (no gloves)
SInv    .            (no boots)
Will    .....        (no amulet)
Stlth   +            (no ring)
HPRegen 0.26/turn    (no ring)
MPRegen 0.12/turn

%: no passive effects
@: immotile
A: fangs 1, strong nose, distributed training
a: no special abilities


You were on level 2 of the Dungeon.
You visited 1 branch of the dungeon, and saw 2 of its levels.

You collected 74 gold pieces.

Inventory:

Hand Weapons
 a - a +0 hand axe (weapon)
 l - a +0 mace
Armour
 b - a +0 leather armour (worn)
Scrolls
 d - a scroll of poison {unknown}
 g - 2 scrolls of vulnerability {unknown}
 h - a scroll of teleportation {unknown}
Potions
 e - 2 potions of mutation
 f - a potion of heal wounds {unknown}
 i - 2 potions of brilliance {unknown}
 j - 3 potions of flight {unknown}
 k - a potion of curing {unknown}


   Skills:
 + Level 4.7 Fighting
 + Level 1.3 Short Blades
 + Level 1.3 Long Blades
 + Level 6.6 Axes
 + Level 1.3 Maces & Flails
 + Level 1.3 Polearms
 + Level 1.3 Staves
 + Level 1.3 Ranged Weapons
 + Level 1.3 Throwing
 + Level 1.3 Armour
 + Level 4.7 Dodging
 + Level 1.3 Stealth
 + Level 1.3 Shields
 + Level 1.3 Unarmed Combat
 + Level 5.1 Spellcasting
 + Level 5.5 Conjurations
 + Level 1.1 Hexes
 + Level 1.1 Summonings
 + Level 1.1 Necromancy
 + Level 1.1 Translocations
 + Level 1.1 Transmutations
 + Level 1.1 Fire Magic
 + Level 1.1 Ice Magic
 + Level 1.1 Air Magic
 + Level 1.1 Earth Magic
 + Level 1.1 Poison Magic
 + Level 1.5 Invocations
 + Level 1.3 Evocations


You had 7 spell levels left.
You knew the following spells:

 Your Spells              Type           Power      Damage    Failure   Level
a - Kiss of Death         Conj/Necr      44%        2d8       6%          1
b - Momentum Strike       Conj/Tloc      22%        3d8       10%         2
c - Hailstorm             Conj/Ice       11%        3d5       19%         3

Your spell library contained the following spells:

 Spells                   Type           Power      Damage    Failure   Level
 Slow                     Hex            20%        N/A       16%         1
 Confusing Touch          Hex            5%         N/A       43%         3
 Vampiric Draining        Necr           5%         2d6       43%         3


Dungeon Overview and Level Annotations

Branches:
Dungeon (2/15)

Altars:

Annotations:
D:2 1 runed translucent door, Crazy Yiuf


Innate Abilities, Weirdness & Mutations

You have very sharp teeth.
Your uncanny sense of smell can sniff out nearby items.
Your experience applies equally to all skills.


Message History

Casting: Momentum Strike (safe; 10% risk of failure)
Confirm with . or Enter, or press ? or * to list all spells.
Aiming: Momentum Strike (safe; 10% risk of failure)
Press: ? - help, Dir - move target, f - orc priest
Aim: an orc priest, wielding a +0 short sword (68% to hit)
You miscast Momentum Strike.
You are very lightly contaminated with residual magic.
Nothing appears to happen.
The orc hits you with a +0 club.
Casting: Momentum Strike (safe; 10% risk of failure)
Confirm with . or Enter, or press ? or * to list all spells.
Aiming: Momentum Strike (safe; 10% risk of failure)
Press: ? - help, Dir - move target, f/p - orc priest
Aim: an orc priest, wielding a +0 short sword (68% to hit)
The concentrated momentum hits the orc priest!
The orc priest is severely wounded.
You are unable to move.
The orc hits you with a +0 club.
You barely miss the orc.
The orc is almost dead.
The orc hits you with a +0 club.
You hit the orc.
You kill the orc!
The orc priest looks satisfied for a moment.
Casting: Momentum Strike (safe; 10% risk of failure)
Confirm with . or Enter, or press ? or * to list all spells.
You cannot redirect your momentum while unable to move.
You barely miss the orc priest.
The orc priest is heavily wounded.
The orc priest barely misses you.
You hit the orc priest.
The orc priest is almost dead.
The orc priest misses you.
You closely miss the orc priest.
The orc priest is almost dead.
The orc priest misses you.
Your magical contamination has completely faded away.
You barely miss the orc priest.
The orc priest is almost dead.
The orc priest mumbles some strange prayers to Beogh against you.
Beogh smites you!
You die...

..# ##..†..# #....#
### #.....# #.(..# #
#.....# ##...(#
######.....###...).#
.................))#
.................).#
........#........###
.....##.#......#o#
.....(.........#@#
.....##.#........#
###.............##
#####.#......##
#.#......# #
#...#.>### #
#..<.#.#.## #
#.........# #
########..#


You could see an orc priest.

Vanquished Creatures
  Jessica (D:2)
  Terence (D:2)
  2 adders (D:2)
  A worm (D:2)
  4 orcs (D:2)
  4 endoplasms (D:1)
  2 giant cockroaches (D:1)
  A goblin (D:2)
  4 hobgoblins
  3 jackals (D:1)
  3 quokkas
  2 bats
  3 frilled lizards
  4 kobolds (D:1)
  3 rats
38 creatures vanquished.

Notes
Turn   | Place    | Note
-------+----------+-------------------------------------------
     0 | D:1      | booth the Gnoll Reaver began the quest for the Orb.
     0 | D:1      | Reached XP level 1. HP: 20/20 MP: 6/6
   229 | D:1      | Reached XP level 2. HP: 12/26 MP: 7/7
   289 | D:1      | Learned a level 2 spell: Momentum Strike
  1103 | D:1      | Reached skill level 5 in Spellcasting
  1103 | D:1      | Reached XP level 3. HP: 31/31 MP: 7/9
  1107 | D:1      | Learned a level 3 spell: Hailstorm
  1138 | D:2      | Reached skill level 1 in Invocations
  1257 | D:2      | Noticed Terence
  1263 | D:2      | Killed Terence
  1264 | D:2      | Reached skill level 1 in Short Blades
  1264 | D:2      | Reached skill level 1 in Long Blades
  1264 | D:2      | Reached skill level 1 in Maces & Flails
  1264 | D:2      | Reached skill level 1 in Polearms
  1264 | D:2      | Reached skill level 1 in Staves
  1264 | D:2      | Reached skill level 1 in Ranged Weapons
  1264 | D:2      | Reached skill level 1 in Throwing
  1264 | D:2      | Reached skill level 1 in Armour
  1264 | D:2      | Reached skill level 1 in Stealth
  1264 | D:2      | Reached skill level 1 in Shields
  1264 | D:2      | Reached skill level 1 in Unarmed Combat
  1264 | D:2      | Reached skill level 1 in Evocations
  1264 | D:2      | Reached XP level 4. HP: 29/33 MP: 7/11
  1518 | D:2      | Found a runed translucent door.
  1519 | D:2      | Noticed Crazy Yiuf
  1679 | D:2      | Noticed Jessica
  1705 | D:2      | Killed Jessica
  1706 | D:2      | Reached skill level 1 in Hexes
  1706 | D:2      | Reached skill level 1 in Summonings
  1706 | D:2      | Reached skill level 1 in Necromancy
  1706 | D:2      | Reached skill level 1 in Translocations
  1706 | D:2      | Reached skill level 1 in Transmutations
  1706 | D:2      | Reached skill level 1 in Fire Magic
  1706 | D:2      | Reached skill level 1 in Ice Magic
  1706 | D:2      | Reached skill level 1 in Air Magic
  1706 | D:2      | Reached skill level 1 in Earth Magic
  1706 | D:2      | Reached skill level 1 in Poison Magic
  1798 | D:2      | Killed from afar by an orc priest

Illustrated notes

Levels and vault maps discovered:
D:1:      evilmike_arrival_plus, layout_loops_corners
D:2:      layout_rooms, uniq_crazy_yiuf_cottage, uniq_jessica, uniq_terence

Skill      XL: |  1  2  3  4 |
---------------+-------------+-----
Spellcasting   | 5 |  5.1
Invocations    | 1 |  1.5
Short Blades   | 1 |  1.3
Long Blades    | 1 |  1.3
Maces & Flails | 1 |  1.3
Polearms       | 1 |  1.3
Staves         | 1 |  1.3
Ranged Weapons | 1 |  1.3
Throwing       | 1 |  1.3
Armour         | 1 |  1.3
Stealth        | 1 |  1.3
Shields        | 1 |  1.3
Unarmed Combat | 1 |  1.3
Evocations     | 1 |  1.3
Hexes          | 1 |  1.1
Summonings     | 1 |  1.1
Necromancy     | 1 |  1.1
Translocations | 1 |  1.1
Transmutations | 1 |  1.1
Fire Magic     | 1 |  1.1
Ice Magic      | 1 |  1.1
Air Magic      | 1 |  1.1
Earth Magic    | 1 |  1.1
Poison Magic   | 1 |  1.1
Fighting       | |  4.7
Axes           | |  6.6
Dodging        | |  4.7
Conjurations   | |  5.5

Action                     |  1- 3 |  4- 6 || total
---------------------------+-------+-------++-------
  Melee: Hand axe          |    91 |    60 ||   151
         Bite              |     5 |     7 ||    12
         Punch             |       |     1 ||     1
  Throw: Dart              |       |     4 ||     4
   Cast: Kiss of Death     |     2 |       ||     2
         Momentum Strike   |     1 |     2 ||     3
    Use: Scroll            |     2 |       ||     2
 Armour: Leather armour    |    11 |     9 ||    20
  Dodge: Dodged            |    49 |    28 ||    77
